 Dungeon Crawl Stone Soup version 0.31-a0-358-gac0dbeb3ab (webtiles) character file.

Game seed: 15091207014346293680

78 KennyOmg the Chopper (level 4, -2/60 HPs)
             Began as a Minotaur Berserker on July 26, 2023.
             Was a Believer of Trog.
             Succumbed to a kobold brigand's poison
             ... on level 3 of the Dungeon.
             The game lasted 00:03:19 (1996 turns).

KennyOmg the Chopper (Minotaur Berserker)           Turns: 1996, Time: 00:03:20

Health: -2/60      AC:  6    Str: 22    XL:     4   Next: 15%
Magic:  3/3        EV: 12    Int:  6    God:    Trog [**....]
Gold:   113        SH:  0    Dex:  9    Spells: 3/3 levels left

rFire   . . .        j - +2 short sword (flame)
rCold   . . .        (no shield)
rNeg    . . .        p - +0 steam dragon scales
rPois   .            (helmet restricted)
rElec   .            (no cloak)
rCorr   .            (no gloves)
SInv    .            r - +0 pair of boots
Will    .....        (no amulet) Stlth
                     b - ring of flight
HPRegen 0.30/turn    (no ring)
MPRegen 0.08/turn

%: no passive effects
@: berserking, lethally poisoned (-2 -> -38), flying, very quick
A: horns 2, retaliatory headbutt
a: Renounce Religion, Berserk, Trog's Hand


You were on level 3 of the Dungeon.
You worshipped Trog.
Trog was pleased with you.
You visited 1 branch of the dungeon, and saw 4 of its levels.

You collected 113 gold pieces.

Inventory:

Hand Weapons
 a - a +0 hand axe
 j - a +2 short sword of flaming (weapon)
   (You took it off an orc on level 4 of the Dungeon)
Missiles
 k - a throwing net {!f}
Armour
 p - +0 steam dragon scales (worn)
   (You found it on level 3 of the Dungeon)
 r - a +0 pair of boots (worn)
   (You found it on level 3 of the Dungeon)
Jewellery
 b - a ring of flight (left hand)
   (You found it on level 1 of the Dungeon)
Wands
 q - a wand of polymorph (11)
   (You found it on level 4 of the Dungeon)
Scrolls
 c - a scroll of fog {unknown}
 d - a scroll of revelation {unknown}
 f - a scroll of poison {unknown}
 g - 2 scrolls of enchant weapon {unknown}
 h - 2 scrolls of teleportation {unknown}
 n - 4 scrolls of identify {unknown}
 o - a scroll of fear {unknown}
 s - a scroll of torment {unknown}
Potions
 e - a potion of magic {unknown}
 i - a potion of haste {unknown}
 l - 2 potions of degeneration {unknown}
 m - a potion of might {unknown}


   Skills:
 + Level 4.2 Fighting
 * Level 0.3 Short Blades
 - Level 4.7 Axes
 + Level 3.2 Armour
 + Level 2.8 Dodging


You had 3 spell levels left.
You didn't know any spells.
Your spell library was empty.

Dungeon Overview and Level Annotations

Branches:
Dungeon (4/15)
 Temple: D:4-7

Altars:


Innate Abilities, Weirdness & Mutations

You have a pair of horns on your head.
You reflexively headbutt those who attack you in melee.


Message History

A kobold brigand comes into view.
It is wielding a +0 dagger of venom and quivering curare-tipped darts.
You see here a +0 dagger.
The kobold brigand shouts!
The ball python barely misses you. You furiously retaliate!
You headbutt the ball python!
You kill the ball python!
Trog accepts your kill.
The kobold brigand throws a curare-tipped dart.
The curare-tipped dart barely misses you.
You closely miss the kobold brigand. You headbutt the kobold brigand.
The kobold brigand hits you with a +0 dagger of venom.
You are poisoned.
You miss the kobold brigand.
Your headbutt misses the kobold brigand.
You feel very sick.
The kobold brigand hits you with a +0 dagger of venom.
You closely miss the kobold brigand.
You feel sick.
The kobold brigand hits you with a +0 dagger of venom.
You hit the kobold brigand. You burn the kobold brigand.
You feel sick.
The kobold brigand hits you with a +0 dagger of venom.
A kobold brigand is nearby!
A kobold brigand is nearby!
You barely miss the kobold brigand.
Your headbutt misses the kobold brigand.
You feel sick.
The kobold brigand hits you with a +0 dagger of venom.
* * * LOW HITPOINT WARNING * * *
You are more poisoned.
A red film seems to cover your vision as you go berserk!
You feel yourself moving faster!
You feel mighty!
You feel very sick.
The kobold brigand hits you with a +0 dagger of venom.
* * * LOW HITPOINT WARNING * * *
You are lethally poisoned!
You closely miss the kobold brigand.
* * * LOW HITPOINT WARNING * * *
You feel very sick.
The kobold brigand hits you with a +0 dagger of venom.
* * * LOW HITPOINT WARNING * * *
You are more poisoned.
You puncture the kobold brigand! You burn the kobold brigand.
* * * LOW HITPOINT WARNING * * *
You feel very sick.
The kobold brigand hits you with a +0 dagger of venom.
* * * LOW HITPOINT WARNING * * *
You are more poisoned.
You puncture the kobold brigand! You burn the kobold brigand.
You kill the kobold brigand!
Trog accepts your kill.
You die...

#[ #. ## #############
#. #. ............###.
####.#########.........
#.......# #.###.###)
#.......# #.........
#....)..######..##.....
#@...)..........#.
..........#####..##...#.
#####.#...... #..##..###
#........##..##..#
...##+###..#..##..#~~
#.#. ..#..#..##≈~ #..
.#..#..#≈~~ #.. #..#
g#≈≈~ #≈≈~


There were no monsters in sight!

Vanquished Creatures
  A kobold brigand (D:3)
  3 adders
  2 worms
  A dart slug (D:3)
  8 orcs
  6 bats
  4 endoplasms
  2 hobgoblins
  A quokka (D:1)
  3 ball pythons
  A frilled lizard (D:1)
  5 kobolds
  3 rats
40 creatures vanquished.

Notes
Turn   | Place    | Note
-------+----------+-------------------------------------------
     0 | D:1      | KennyOmg the Minotaur Berserker began the quest for the
                  | Orb.
     0 | D:1      | Reached XP level 1. HP: 19/19 MP: 0/0
   490 | D:1      | Reached XP level 2. HP: 27/27 MP: 1/1
  1294 | D:2      | Reached XP level 3. HP: 32/33 MP: 2/2
  1908 | D:4      | Reached XP level 4. HP: 40/40 MP: 3/3
  1961 | D:3      | Reached ** piety under Trog
  1983 | D:3      | Noticed a kobold brigand
  1996 | D:3      | Killed a kobold brigand
  1996 | D:3      | Succumbed to a kobold brigand's poison

Illustrated notes

Levels and vault maps discovered:
D:1:      saegor_arrival_under_anarchy, layout_loops_corners,
          grunt_decor_junction, minmay_misc_feat_iff
D:2:      layout_rooms
D:3:      cheibrodos_thug_alley, layout_basic, biasface_ghost_orc_armoury,
          nrook_mini_vaults, minmay_misc_feat_nine_boxes,
          wander_ebering_terrifying_dragon_lair
D:4:      layout_loops_ring, uniq_pikel, uniq_eustachio

Skill      XL: |  1  2  3 |
---------------+----------+-----
Axes           | 4 |  4.7
Fighting       | 4 |  4.2
Armour         | 3 |  3.2
Short Blades   | |  0.3
Dodging        | |  2.8

Action                     |  1- 3 |  4- 6 || total
---------------------------+-------+-------++-------
  Melee: Hand axe          |    63 |       ||    63
         Headbutt          |     4 |     2 ||     6
         Short sword       |     3 |    18 ||    21
 Invoke: Berserk           |     2 |     1 ||     3
 Armour: Animal skin       |     9 |       ||     9
         Ring mail         |    11 |       ||    11
         Steam dragon scal |    14 |     1 ||    15
  Dodge: Dodged            |    46 |     7 ||    53

Table legend: (Time is in decaauts)
 A = Elapsed time spent in this place.
 B = Non-inter-level travel time spent in this place.
 C = Inter-level travel time spent in this place.
 D = Time resting spent in this place.
 E = Time spent auto-exploring this place.
 F = Levels seen in this place.
 G = Mean time per level.
                   A        B        C        D        E       F      G
               +--------+--------+--------+--------+--------+-----+--------+
         Total |   2016 |   1886 |    130 |    101 |   1460 |   4 |  504.0 |
       Dungeon |   2016 |   1886 |    130 |    101 |   1460 |   4 |  504.0 |
               +--------+--------+--------+--------+--------+-----+--------+

Top non-repeatable levels by time:
     D:1: 1068 daAuts
     D:2: 470 daAuts
     D:3: 320 daAuts
     D:4: 156 daAuts
